cohdb
Replays
Latest Replays
All Replays
Popular Replays
Top Player Replays
Match Explorer
How It Works
Community
CoH3 Stats
Reddit
Sign in to upload your games and track your stats! →
Sign in with Steam
Match 41870181
Unlisted
Match 41870181
Overview
Messages
Build Orders
End
Kradschützen Motorcycle Team
Panzergrenadier Squad
250 Light Carrier
Construct Light Support Kompanie
Assault Grenadier Squad
2.5-tonne Medical Truck
Fire Support Elements
Panzerjäger Mechanized Group
Construct Panzerarmee Kommand
MG34 Team
Pak 38 Anti-tank Gun Team
Panzer III L Medium Tank
Rapid Advance
Armored Reserves
Panzer III Assault Group
Selects Panzerjäger Kommand Battlegroup
Selects Panzerjäger Kommand Battlegroup
Selects Mine Fields
Walking Stuka Rocket Launcher
Tungsten Core Ammunition
Brother
JPman
0
0
Comments
sign in to comment!
No comments posted yet!